 Dungeon Crawl Stone Soup version 0.19.0-16-g73b5abf (webtiles) character file.

4 Patchouli the Grasshopper (level 1, 0/15 HPs)
             Began as a Spriggan Warper on Nov 11, 2016.
             Slain by a hound (3 damage)
             ... on level 7 of the Dungeon.
             The game lasted 00:03:35 (635 turns).

Patchouli the Grasshopper (Spriggan Warper)          Turns: 635, Time: 00:03:35

Health: 0/15       AC: 20    Str:  7    XL:     1   Next: 58%
Magic:  5/5        EV:  4    Int: 14    God:
Gold:   71         SH:  0    Dex: 15    Spells: 0 memorised, 5 levels left

rFire  . . .     SeeInvis +     a - +0 short sword
rCold  . . .     Gourm    .     (armour currently unavailable)
rNeg   + + +     Faith    .     (shield restricted)
rPois  +         Spirit   .     (helmet currently unavailable)
rElec  .         Reflect  .     (cloak currently unavailable)
rCorr  .         Harm     .     (gloves unavailable)
MR     .....     NoTele   +     (boots unavailable)
Stlth  +.........               i - amulet of magic regeneration
                                (no ring)
                                (no ring)

@: tree-form, very slightly contaminated
A: unfitting armour, see invisible, herbivore 3, (speed 0), slow metabolism 2
a: no special abilities


You were on level 7 of the Dungeon.
You were not hungry.
You were a tree.
You visited 1 branch of the dungeon, and saw 8 of its levels.

You collected 71 gold pieces.

Inventory:

Hand Weapons
 a - a +0 short sword (weapon)
Missiles
 e - 5 tomahawks of dispersal (quivered)
Armour
 b - a +0 robe (melded)
Jewellery
 i - an amulet of magic regeneration (around neck)
 k - an uncursed ring of ice
Scrolls
 g - 3 scrolls of recharging {unknown}
 o - a scroll of amnesia
Potions
 h - a potion of cancellation {unknown}
 j - a potion of curing {unknown}
 l - a potion of brilliance {unknown}
 m - a potion of mutation {unknown}
Books
 c - a book of Spatial Translocations

   Spells                             Type                      Level
   a - Blink                          Translocation                2
   b - Shroud of Golubria             Charms/Translocation         2
   c - Lesser Beckoning               Translocation                3
   d - Portal Projectile              Translocation                3
   e - Teleport Other                 Translocation                3
   f - Passage of Golubria            Translocation                4
Comestibles
 f - a bread ration


   Skills:
 + Level 1.6 Fighting
 * Level 2.4 Short Blades
 + Level 1.0 Throwing
 + Level 3.7 Dodging
 * Level 2.7 Spellcasting
   Level 4.4 Translocations


You had 5 spell levels left.
You didn't know any spells.

Dungeon Overview and Level Annotations

Branches:
Dungeon (8/15)
 Temple: D:4-7         Lair: D:8-11

Altars:
Sif Muna
Vehumet

Annotations:
D:7 Joseph


Innate Abilities, Weirdness & Mutations

You are very small and have problems with some larger weapons.
You are too small for most types of armour.
You have supernaturally acute eyesight. (SInv)
You are a herbivore.
((You cover ground extremely quickly.))
You need consume almost no food.


Message History

A hound is nearby!
Found a scroll labeled ZUKHOU NURUORPH.
A shadow imp comes into view.
You see here a scroll labeled ZUKHOU NURUORPH.
o - a scroll labeled ZUKHOU NURUORPH The shadow imp shouts, "Flee, thou puking miscreant pussyfoot!"
As you read the scroll labeled ONETTIWA YZUPO, it crumbles to dust.
It is a scroll of identify.
o - a scroll of amnesia
Okay, then.
It was a potion of lignification.
You turn into a tree.
Your +0 robe melds into your body.
Your roots penetrate the ground.
The hound barely misses you.
You hit the hound.
The hound is moderately wounded.
The hound barely misses you.
You barely miss the hound.
The hound is moderately wounded.
The hound bites you.
You die...

#.# #.# #.# ####.#
#.# .....# #.#
###### #.# .# #.#
#.# #5# ## #.# #
#♣# ###### #h#
.....# #.#
####.###########.#
#........h....#
###############


You could see a hound and a shadow imp.

Vanquished Creatures
  A giant cockroach (D:4)
  2 bats
  A frilled lizard (D:2)
  A kobold (D:1)
5 creatures vanquished.

Notes
Turn   | Place    | Note
-------+----------+-------------------------------------------
     0 | D:1      | Patchouli the Spriggan Warper began the quest for the Orb.
     0 | D:1      | Reached XP level 1. HP: 10/10 MP: 5/5
   338 | D:4      | Noticed a bullfrog
   363 | D:5      | Entered Level 5 of the Dungeon
   372 | D:5      | Found a deep blue altar of Sif Muna.
   385 | D:5      | Noticed an iguana
   477 | D:8      | Noticed a two-headed ogre
   496 | D:7      | Noticed a hungry ghost
   510 | D:7      | Noticed a crimson imp
   523 | D:7      | Noticed a hound
   525 | D:7      | Found a radiant altar of Vehumet.
   578 | D:7      | Noticed Joseph
   635 | D:7      | Slain by a hound

Action                   || total
-------------------------++-------
Melee: Short sword       ||    34
  Use: Scroll            ||     2
       Potion            ||     1
Armor: Robe              ||     2
Dodge: Dodged            ||    29
